[Event "*** Titled Tuesday Blitz"]
[Site "Chess.com"]
[Date "2020.12.29"]
[Round "4"]
[White "Keures"]
[Black "Alexey_Ustinov"]
[Result "1-0"]
[WhiteElo "2338"]
[BlackElo "2459"]
[TimeControl "180+1"]
[EndTime "10:40:16 PST"]
[Termination "Keures won on time"]

1. d4 g6 2. c4 Bg7 3. Nc3 c5 4. d5 Bxc3+ 5. bxc3 f5 6. Nf3 Nf6 7. Nd2 d6 8. Qc2 Qa5 9. e3 Nbd7 10. Bd3 Nb6 11.
Bb2 Bd7 12. O-O O-O-O 13. e4 fxe4 14. Nxe4 Nxe4 15. Bxe4 Nxc4 16. Qe2 Nxb2 17. Qxb2 Bf5 18. Bxf5+ gxf5 19. Rfe1 Rd7 20. Re3 Rf8 21. Rae1 Rf7 22.
c4 Qd8 23. Ra3 a6 24. Rb3 Qe8 25. Rb1 e5 26. dxe6 Qxe6 27. Re3 Qf6 28. Qb6 Qd8 29. Qa7 Qc7 30. Rbe1 Rd8 31. g3 Qb8 32. Qb6 Qc7 33. Qa7 f4 34. Re8 Rxe8 35. Rxe8+ Kd7 36. Rb8 Kc6 37. Qa8 f3 38. Rc8 Re7 39. Rxc7+ Kxc7 40. Kf1 Re2 41. Qf8 Rxa2 42. Qf7+ Kb6 43. Qxf3 a5 44. Qd5 Kc7 45. Qf7+ Kc6 46. Qf3+ Kc7 47. Qb3 Ra1+ 48. Kg2 a4 49. Qb2 Rd1 50. Qb5 Ra1 51.
Qb2 Rd1 52. Qa2 b5 53. cxb5 Rd4 54. b6+ Kxb6 55. f4 c4 56. f5 c3 57. Kf3 Rd5 58.
Qxd5 c2 59. Qc4 1-0

[Event "*** Titled Tuesday Blitz"]
[Site "Chess.com"]
[Date "2020.12.29"]
[Round "4"]
[White "TigrVShlyape"]
[Black "Rud_Makarian"]
[Result "1-0"]
[WhiteElo "2870"]
[BlackElo "2684"]
[TimeControl "180+1"]
[EndTime "10:40:17 PST"]
[Termination "TigrVShlyape won on time"]

1. e4 e5 2. Nf3 Nc6 3. Bb5 Nf6 4. O-O Nxe4 5. Re1 Nd6 6. Nxe5 Be7 7. Bf1 Nxe5 8. Rxe5 O-O 9. d4 Bf6 10. Re1 Re8 11. c3 Rxe1 12. Qxe1 Ne8 13. d5 d6 14. Nd2 c6 15. Ne4 cxd5 16. Nxf6+ Nxf6 17. Be3 Bf5 18. Bd4 Ne4 19. f3 Nc5 20. Qd2 Ne6 21. Bf2 Qa5 22. a3 d4 23. Bxd4 Nxd4 24. Qxd4 Qc5 25. Rd1 Qxd4+ 26. Rxd4 Rd8 27. Ra4 a6 28.
Rb4 Bc8 29. h4 Kf8 30. Kf2 Ke7 31. Bd3 h6 32. Ke3 Kd7 33. Be4 Kc7 34. Rc4+ Kb8 35. Rd4 Be6 36. f4 g6 37. Rb4 d5 38. Bf3 h5 39. Rd4 Kc7 40. c4 Re8 41. cxd5 Bxd5+ 42. Kf2 Bxf3 43. Kxf3 Re1 44. Rc4+ Kd6 45. Rd4+ Ke6 46.
Rb4 b5 47. a4 bxa4 48. Rxa4 Rf1+ 49. Kg3 Rb1 50. Rxa6+ Kf5 51. Rb6 Rd1 52. Rb5+ Kf6 53. Rb3 Rd2 54. Kf3 Rc2 55. g3 Kf5 56. Rb5+ Kf6 57.
Rb7 Ke6 58. Rb3 Kf6 59. Ke4 Ke6 60. Kd3 Rg2 61. Ke4 Rd2 62. Rb6+ Ke7 63. f5 gxf5+ 64. Kxf5 Rd5+ 65. Ke4 Rd2 66. Kf4 Rd3 67. Rb5 Rd2 68.
b4 1-0

[Event "*** Titled Tuesday Blitz"]
[Site "Chess.com"]
[Date "2020.12.29"]
[Round "4"]
[White "vanyakuba"]
[Black "anpospan"]
[Result "1-0"]
[WhiteElo "2477"]
[BlackElo "2322"]
[TimeControl "180+1"]
[EndTime "10:40:18 PST"]
[Termination "vanyakuba won on time"]

1. e4 Nc6 2. Nc3 d6 3. d4 Nf6 4.
f4 Bg4 5. Nf3 Bxf3 6. gxf3 e6 7. Be3 Nh5 8. Qd2 Qh4+ 9. Qf2 Qxf2+ 10. Kxf2 g6 11. d5 Nb4 12. Bb5+ c6 13. Ba4 b5 14. Bb3 exd5 15. exd5 Nxd5 16. Nxd5 cxd5 17. Bxd5 Rc8 18. c3 Bh6 19. Bxa7 Nxf4 20. Rhe1+ Kd7 21.
Be4 f5 22. Bc2 Rhe8 23. Rxe8 Rxe8 24. Re1 Ra8 25. Bd4 Rxa2 26. Rb1 Ne6 27. Bb3 Ra8 28. Bf6 Nc5 29. Bc2 Re8 30. Ra1 Bd2 31. Ra7+ Ke6 32. Bd4 h6 33. Rg7 Kd5 34. Rxg6 Bc1 35. Bxf5 Bxb2 36. Rxh6 Nb3 37. Be4+ Kc4 38. Bf6 b4 39. cxb4 Bd4+ 40. Bxd4 Nxd4 41. Rxd6 Rh8 42. Kg2 Rg8+ 43.
Kf1 Rh8 44. Rd5 Rxh2 45. b5 Nb3 46. b6 Nd2+ 47. Rxd2 Rxd2 48. b7 Rb2 49. Ke1 Kd4 50. Kd1 Ke3 51. Kc1 Rb6 52. Kc2 Kd4 53. Kd2 Kc5 54.
Ke3 Kd6 55. Kf4 Ke7 56. Ke5 Kd7 57. f4 Ke7 58. f5 Kf7 59. Bd5+ Kf8 60. f6 Rb2 61. Kd6 Rb6+ 62. Ke5 Rb2 63. Kd6 Rb6+ 64. Kc7 Rb2 65. Bc6 1-0

[Event "*** Titled Tuesday Blitz"]
[Site "Chess.com"]
[Date "2020.12.29"]
[Round "4"]
[White "jamalm2"]
[Black "chessmachine14"]
[Result "0-1"]
[WhiteElo "1899"]
[BlackElo "2240"]
[TimeControl "180+1"]
[EndTime "10:40:18 PST"]
[Termination "chessmachine14 won on time"]

1. Nf3 Nf6 2. c4 g6 3. Nc3 Bg7 4. e4 d6 5. d4 O-O 6. Be2 e5 7.
Be3 exd4 8. Nxd4 Re8 9. f3 c6 10. O-O d5 11. cxd5 cxd5 12. Bd3 dxe4 13. Nxe4 Nd5 14.
Bf2 Nf4 15. Bc2 f5 16. Ng3 h5 17. Bb3+ Kh7 18. Nde2 Nxe2+ 19. Nxe2 Qxd1 20. Bxd1 Bxb2 21. Rb1 Bf6 22. Nf4 Nc6 23. Bb3 Nd4 24. Bf7 Ne2+ 25. Kh1 Re7 26. Bxg6+ Kg7 27. Nxe2 Rxe2 28. Bxh5 Rxa2 29.
Rfc1 Rxf2 30. Rc7+ Kh6 31. g4 fxg4 32. Bxg4 Be5 33.
Rxc8 Rxh2+ 34. Kg1 Rxc8 35. Bxc8 b6 36. Rb5 Rh5 37.
Kg2 Rg5+ 38. Bg4 Kg6 39. Rd5 Kf6 40. Rd7 a5 41. Rb7 Bd4 42. Rc7 Rb5 43. Rc6+ Kf7 44. Rc4 Rb2+ 45. Kh3 Be5 46. Bf5 b5 47. Rc5 Bd4 48.
Rc7+ Kf6 49. Be4 a4 50. Bc6 a3 51. Rb7 a2 52. Bxb5 Rxb5 53. Rxb5 a1=Q 54. Rh5 Qh1+ 55. Kg4 Qg2+ 56. Kf4 Be5+ 57. Rxe5 Qh2+ 0-1

[Event "*** Titled Tuesday Blitz"]
[Site "Chess.com"]
[Date "2020.12.29"]
[Round "4"]
[White "PowerThinking2650"]
[Black "klimkoj"]
[Result "0-1"]
[WhiteElo "2423"]
[BlackElo "2586"]
[TimeControl "180+1"]
[EndTime "10:40:20 PST"]
[Termination "klimkoj won by resignation"]

1. e4 c5 2. Nf3 d6 3. d4 cxd4 4.
Nxd4 Nf6 5. Nc3 a6 6. Bc4 e6 7. O-O b5 8. Bb3 Be7 9. Qf3 Ra7 10. Be3 Rc7 11. a4 b4 12. Nce2 Bb7 13. Ng3 O-O 14.
Rad1 Nbd7 15. Bxe6 Ne5 16. Qe2 fxe6 17. Nxe6 Qc8 18.
Nxc7 Qxc7 19. f3 Rc8 20. Rf2 Bf8 21. Nf5 g6 22. Nd4 Qc4 23. Qxc4+ Nxc4 24. Bc1 d5 25. b3 Ne5 26. Bf4 Ned7 27. e5 Nh5 28. e6 Nxf4 29. exd7 Rd8 30. Rfd2 Bc5 31. g3 Bxd4+ 32.
Kf1 Be3 33. Re1 d4 34. Rxd4 Bxd4 35. Re8+ Kf7 36. Rxd8 Ne6 37. Rb8 Bxf3 38. d8=Q Nxd8 39. Rxd8 Bc3 40. Ra8 Be4 41. Rxa6 Bxc2 42. Ra7+ Kf6 43. Rxh7 Bxb3 44. Ke2 Bxa4 45. Kd3 Bb5+ 46. Kc2 Be2 47. Rb7 Bg4 48. h4 Bf5+ 49. Kb3 Be1 50. Rb6+ Kg7 51. h5 gxh5 52. Rb5 Kg6 53. Rb6+ Kg5 54. Rb8 Bc3 55.
Rg8+ Kf6 56. Rf8+ Ke6 57. Re8+ Kf7 58. Rb8 Bg4 59. Rb6 Kg7 60. Rc6 Kf7 61. Rb6 Be6+ 62.
Kc2 Kf6 63. Ra6 Kf5 64. Ra5+ Kg4 65. Ra6 Bf5+ 66. Kb3 Kxg3 67. Rh6 Bg4 68. Rg6 h4 0-1

[Event "*** Titled Tuesday Blitz"]
[Site "Chess.com"]
[Date "2020.12.29"]
[Round "4"]
[White "Leonid_Starozhilov"]
[Black "grunbergmihai"]
[Result "1-0"]
[WhiteElo "2633"]
[BlackElo "2427"]
[TimeControl "180+1"]
[EndTime "10:40:22 PST"]
[Termination "Leonid_Starozhilov won on time"]

1. c4 Nf6 2. Nc3 g6 3. e4 d6 4.
d4 Bg7 5. f3 O-O 6. Be3 a6 7.
Nge2 c6 8. a4 e5 9. d5 cxd5 10.
cxd5 Nbd7 11. Ng3 a5 12. Bb5 Nc5 13. O-O b6 14. Bc6 Rb8 15. Nb5 Bb7 16. Ne2 Nh5 17.
g4 Nf4 18. Nxf4 exf4 19. Bxf4 Bxb2 20. Bxd6 Bxa1 21. Qxa1 Bxc6 22. dxc6 Rc8 23. c7 Qg5 24. Bxf8 Qe3+ 25. Kh1 Rxf8 26. Nd6 Nb3 27. Qe1 Qc5 28. c8=Q Rxc8 29. Nxc8 Qxc8 30. Qb1 Qc3 31. Qd1 Nc5 32. Qd8+ Kg7 33. Qxb6 Nxa4 34. Qb1 Nb2 35. Qe1 Qe5 36. Qg3 Qc3 37. g5 Nd3 38. Qd6 a4 39. Qf6+ Qxf6 40. gxf6+ Kxf6 41. Ra1 Nc5 42. Rc1 Nd3 43. Rc4 Nb2 44.
Rc6+ Ke5 45. Ra6 Kd4 46. Kg2 Kc3 47. Kg3 Kb3 48. Kf4 a3 49. Rb6+ Kc3 50. Rc6+ Kb3 51. Rb6+ Kc3 52. Ra6 Kb4 53. Rb6+ Ka5 54. Rb8 Na4 55. Rb1 Nc3 56. Ra1 a2 57. Ke5 Kb4 58. Kf6 Kb3 59. Kxf7 Ne2 60. e5 Nd4 61. e6 Nxf3 62.
e7 Ne5+ 63. Kg8 1-0

[Event "*** Titled Tuesday Blitz"]
[Site "Chess.com"]
[Date "2020.12.29"]
[Round "4"]
[White "BeanScreen"]
[Black "NoGalloNoParty"]
[Result "1-0"]
[WhiteElo "2656"]
[BlackElo "2367"]
[TimeControl "180+1"]
[EndTime "10:40:22 PST"]
[Termination "BeanScreen won on time"]

1. e4 c5 2. Nf3 d6 3. d4 cxd4 4. Nxd4 Nf6 5. Nc3 a6 6. Be3 e5 7.
Nb3 Be6 8. h3 Be7 9. f4 exf4 10.
Bxf4 Nc6 11. Qe2 Ne5 12. O-O-O Qc7 13. g4 Rc8 14. Kb1 O-O 15. g5 Nfd7 16. Nd5 Bxd5 17.
exd5 b5 18. h4 Rfe8 19. h5 Bf8 20. Qg2 Nc4 21. g6 Ndb6 22. gxh7+ Kh8 23. h6 g6 24. Bxc4 Qxc4 25. Rd4 Qe2 26. Qg5 Be7 27.
Qg3 Bf6 28. Rd2 Qe4 29. Rhd1 Nc4 30. Bg5 Be5 31. Qf2 Nxd2+ 32. Rxd2 f6 33. Bxf6+ Kxh7 34. Bg5 Rf8 35. Qa7+ Kh8 36. a3 Qf5 37. Ka2 Qxg5 38. Rd1 Qf6 39. Rg1 Qf7 40. Qxa6 Kh7 41. Qxb5 Qf6 42.
Qd3 Rf7 43. Rh1 Rg8 44. Na5 Bxb2 45. Nc6 Be5 46. Qc4 Qf5 47. Rb1 Bh8 48. Nb4 Qf6 49.
Qb3 Ra7 50. a4 Rga8 51. Ka3 Rxa4+ 52. Qxa4 Rxa4+ 53. Kxa4 Kxh6 54. Rh1+ Kg7 55. Rh3 Kg8 56. Kb3 Bg7 57. Rd3 Qf5 58. Nc6 Be5 59. Ne7+ Kf7 60. Nxf5 gxf5 61. Rf3 Kf6 62. c4 f4 63. Kc2 Kf5 64.
Kd3 Kg4 65. Ke4 Kh4 66. c5 Kg4 67. c6 1-0

[Event "*** Titled Tuesday Blitz"]
[Site "Chess.com"]
[Date "2020.12.29"]
[Round "4"]
[White "Blue_Ratatoeskr"]
[Black "Gulkov_Igor"]
[Result "0-1"]
[WhiteElo "2343"]
[BlackElo "2542"]
[TimeControl "180+1"]
[EndTime "10:40:23 PST"]
[Termination "Gulkov_Igor won by resignation"]

1. c4 g6 2. g3 Bg7 3. Bg2 Nf6 4. Nc3 d6 5. e4 O-O 6. Nge2 c5 7. a3 Nc6 8. Rb1 a5 9. d3 Ne8 10. O-O Nc7 11. Be3 Nd4 12. h3 Bd7 13. Nd5 Nxd5 14.
exd5 Nxe2+ 15. Qxe2 a4 16. b4 axb3 17. Rxb3 Qc7 18.
Rfb1 Ra7 19. Bc1 Re8 20. Bb2 Bxb2 21. Qxb2 Bc8 22. h4 Ra5 23. h5 Qd7 24. h6 f6 25.
Qe2 Qf5 26. Qe3 Qg5 27. Qxg5 fxg5 28. Kh2 Kf7 29. Re1 g4 30. f3 Kf6 31. fxg4 Kg5 32. Bh3 Ra7 33. Re4 Bd7 34. Kg2 e5 35. dxe6 Rxe6 36. Rxe6 Bxe6 37. Rb6 Bxg4 38. Bxg4 Kxg4 39.
Rxd6 Kg5 40. Rd5+ Kxh6 41. Rxc5 Rxa3 42. Rd5 Rc3 43. Kf3 Kg7 44. Ke4 Rb3 45. g4 h6 46.
Ke5 Rb6 47. Rd7+ Kf8 48. c5 Rb5 49. d4 b6 50. Kf6 Ke8 51. Re7+ Kd8 52. c6 Rd5 53. Rd7+ Rxd7 54. cxd7 b5 55. Kxg6 b4 56. Kxh6 b3 57. g5 b2 58. g6 b1=Q 59. g7 Qh1+ 60. Kg6 Qg2+ 61. Kf7 Qf3+ 62. Kg6 Qg4+ 63. Kf6 Kxd7 64.
Kf7 Qf5+ 65. Kg8 Ke7 66. Kh8 Qh5+ 67. Kg8 Kf6 0-1

[Event "*** Titled Tuesday Blitz"]
[Site "Chess.com"]
[Date "2020.12.29"]
[Round "4"]
[White "KarstenHansch"]
[Black "northridgehawk"]
[Result "1-0"]
[WhiteElo "2469"]
[BlackElo "2317"]
[TimeControl "180+1"]
[EndTime "10:40:23 PST"]
[Termination "KarstenHansch won on time"]

1. e4 e5 2. Nf3 Nc6 3. Bb5 a6 4. Ba4 Nf6 5. O-O b5 6. Bb3 Bc5 7.
Nxe5 Nxe5 8. d4 Bxd4 9. Qxd4 d6 10. c3 Nc6 11. Qe3 O-O 12. Nd2 Re8 13. Qg3 Bb7 14.
Bc2 Ne5 15. f3 Ng6 16. Nb3 d5 17. exd5 Qxd5 18. Bg5 Re2 19. Nd4 Qc5 20. Kh1 Nh5 21.
Qg4 Re5 22. Nf5 Bc8 23. Rae1 Bxf5 24. Rxe5 Qxe5 25. Qxf5 Qxf5 26. Bxf5 Re8 27. Bc1 Nhf4 28. g3 Nd5 29. Be4 Nf6 30. Bb1 h6 31. Kg1 Re2 32.
Bd3 Re6 33. Kf2 Ne5 34. Bc2 Nc4 35. b3 Ne5 36. Re1 c5 37. h3 Kf8 38. Bf4 Ned7 39. Rxe6 fxe6 40. Bd6+ Kf7 41. a4 e5 42. axb5 axb5 43.
Bd3 Ke6 44. Bc7 b4 45. Bc4+ Ke7 46. cxb4 cxb4 47. Ba5 e4 48. Bxb4+ Kd8 49. fxe4 Nxe4+ 50. Kf3 Nef6 51. Bc3 Ne8 52. b4 Nd6 53. Bd5 Nb5 54.
Bxg7 Nc7 55. Be4 h5 56. Bg6 Ne6 57. Bc3 Nb6 58. Bxh5 Nd5 59. Be1 Nd4+ 60. Ke4 Nc2 61. Kxd5 Nxe1 62. b5 Nc2 63. b6 Ne3+ 64. Kc6 Nc4 65.
Bg4 Na5+ 66. Kb5 Nb7 67. Bf5 Nd6+ 68. Kc6 Nxf5 69. b7 Ne7+ 70. Kb6 Nd5+ 71. Kc5 1-0

[Event "*** Titled Tuesday Blitz"]
[Site "Chess.com"]
[Date "2020.12.29"]
[Round "4"]
[White "Alomaterapia"]
[Black "GregShahade"]
[Result "1-0"]
[WhiteElo "2496"]
[BlackElo "2660"]
[TimeControl "180+1"]
[EndTime "10:40:27 PST"]
[Termination "Alomaterapia won by resignation"]

1. e4 e5 2. Nf3 Nc6 3. Bc4 Nf6 4. d4 exd4 5. e5 Ne4 6. O-O Be7 7. Re1 d5 8. exd6 Nxd6 9. Bd5 O-O 10. Bxc6 bxc6 11. Nxd4 Bd7 12. Qf3 Re8 13. Nc3 Bf6 14. Be3 Nc4 15.
Nxc6 Bxc6 16. Qxc6 Nxe3 17. Rxe3 Rxe3 18. fxe3 Rb8 19.
Rd1 Qe7 20. Nd5 Qe5 21. b3 h6 22. Qxc7 Qxc7 23. Nxc7 Rc8 24. Rd7 Be5 25. Nd5 Rxc2 26. Rxa7 Rd2 27. Ra5 Kh7 28. g3 Bd6 29. a4 Rb2 30.
Rb5 h5 31. Nf4 g6 32. a5 Ra2 33. b4 Ra3 34. Kf2 Ra2+ 35. Kg1 h4 36. gxh4 Rb2 37. h5 g5 38. Rxg5 Rxb4 39. Rf5 Kg7 40. Kg2 Ra4 41.
h6+ Kxh6 42. Rf6+ Kg5 43. Rxd6 f5 44. Rg6+ Kh4 45. Kf3 Ra1 46. Rh6+ Kg5 47. Rb6 Rxa5 48.
Rb2 Ra4 49. Rg2+ Kh4 50. Rf2 Ra3 51. Ke2 Ra2+ 52. Kf3 Ra3 53. Ng6+ Kh3 54. Ne7 Ra4 55. Ke2 Ra2+ 56. Ke1 Ra5 57. Nxf5 Ra1+ 58. Ke2 Ra2+ 59. Kf3 Ra4 60. Nd4 Ra6 61. Ke4 Ra8 62.
Kd3 Ra3+ 63. Ke4 Ra4 64. Kd5 Ra5+ 65. Kc6 Ra6+ 66. Kb5 Ra3 67. e4 Re3 68. Rf4 Re1 69. Kc5 Kxh2 70. Nf3+ Kg3 71. Nxe1 Kxf4 72. Kd5 Ke3 73.
e5 Kd2 74. e6 Kxe1 75. e7 Kf1 76. e8=Q Kg1 77. Qe2 1-0

[Event "*** Titled Tuesday Blitz"]
[Site "Chess.com"]
[Date "2020.12.29"]
[Round "4"]
[White "ehrenfeld"]
[Black "Twitch_ElhamBlitz05"]
[Result "1/2-1/2"]
[WhiteElo "2562"]
[BlackElo "2886"]
[TimeControl "180+1"]
[EndTime "10:40:29 PST"]
[Termination "Game drawn by agreement"]

1. e4 c6 2. d4 d5 3. exd5 cxd5 4. Bd3 Nf6 5. c3 g6 6. Nf3 Bg7 7. O-O O-O 8. Re1 Nc6 9. Bf4 Bf5 10. Bf1 Rc8 11.
Nbd2 a6 12. h3 Ne4 13. Nxe4 Bxe4 14. Nd2 Bf5 15. a4 Qb6 16. Qb3 Qa7 17. a5 Rfd8 18.
Qa4 Re8 19. Qa3 e5 20. dxe5 Nxe5 21. Rad1 Nd3 22. Bxd3 Bxd3 23. Be3 Qb8 24. Nf3 Be4 25. Nd4 Qc7 26. Qb4 Qd7 27. Bf4 Rc4 28. Qd6 Qxd6 29. Bxd6 Rd8 30. Bf4 Bxd4 31. Rxd4 Rxd4 32. cxd4 Rd7 33. Rc1 f6 34. f3 Bd3 35. Rc7 Rxc7 36. Bxc7 Kf7 37. b4 Ke6 38. Kf2 Kd7 39. Bb6 Kc6 40.
Bc5 Kb5 41. g3 Kc4 42. h4 Bf5 43. Ke3 Bd7 44. Kf2 g5 45. hxg5 fxg5 46. g4 Kd3 47. Bb6 Be8 48. Bc5 Bg6 49. Bb6 h5 50. gxh5 Bxh5 51.
Bc5 Bg6 52. Bb6 Kc4 53. Bc5 Bf5 54. Ke3 Kb5 55. Be7 g4 56. fxg4 Bxg4 57. Bc5 Bf5 58. Kd2 Be4 59. Kc3 Kc6 60. Bf8 Kd7 61. Bg7 Kc7 62. Be5+ Kc8 63. Bf4 Kd7 64. Be5 Ke6 65. Bf4 Kf5 66. Bc7 Kg4 67. Bd6 Kf3 68. Be5 Ke2 69. Bd6 Bd3 70. Be5 Bc4 71. Bd6 Ke3 72. Be5 Ke4 73. Bd6 Kf5 74. Bc5 Ke6 75. Bb6 Kd7 76.
Bc5 Kc6 77. Bb6 Kb5 78. Bc5 Ka4 79. Bb6 Ka3 80. Bc5 Ka2 81. Bb6 Kb1 82. Bc5 Kc1 83.
Bb6 Bb5 84. Bc5 Bc6 85. Bb6 Kd1 86. Bc5 Ke2 87. Bb6 Kf3 88. Bc5 Ke4 89. Bb6 Kf5 90. Bc5 Ke6 91. Bb6 Kd7 92. Bc5 Kc8 93. Bb6 Kb8 94. Bc5 b5 95. Bb6 Kb7 96. Bc5 Be8 97. Bb6 Bh5 98. Bc5 Be2 99. Bb6 Bc4 100. Bc5 Kc6 1/2-1/2

[Event "*** Titled Tuesday Blitz"]
[Site "Chess.com"]
[Date "2020.12.29"]
[Round "4"]
[White "Alexandr_Kholin"]
[Black "jens1102"]
[Result "1/2-1/2"]
[WhiteElo "2543"]
[BlackElo "2380"]
[TimeControl "180+1"]
[EndTime "10:40:29 PST"]
[Termination "Game drawn - insufficient material"]

1. d4 Nf6 2. c4 e6 3. Nf3 Bb4+ 4.
Bd2 c5 5. Bxb4 cxb4 6. a3 bxa3 7.
Rxa3 O-O 8. Nbd2 d5 9. c5 b6 10.
b4 bxc5 11. bxc5 a5 12. e3 Nc6 13. Bb5 Qc7 14. Bxc6 Qxc6 15. O-O Ba6 16. Re1 Bb5 17. Ne5 Qc7 18. Qa1 Rfb8 19. h3 Ne4 20. Nxe4 dxe4 21. Rc1 Rb7 22. Nc4 Bxc4 23. Rxc4 Rab8 24. Rc1 Rb5 25. Qc3 h6 26. g3 h5 27. h4 Rc8 28.
Rca1 Ra8 29. Rb3 Qc6 30. Rxb5 Qxb5 31. c6 Rc8 32. Rxa5 Rxc6 33. Rxb5 Rxc3 34. Rxh5 f5 35.
g4 g6 36. Rg5 Kf7 37. gxf5 gxf5 38. Kg2 Rc1 39. Rg3 Rd1 40. h5 Rc1 41. h6 Rc8 42. Rg7+ Kf6 43. Rb7 Rh8 44. h7 Ra8 45. Kg3 Rh8 46. Kf4 Ra8 47. Rc7 Rh8 48. Kg3 Ra8 49. Kh4 Kg6 50. Kg3 Kf6 51. Rc6 Rh8 52. d5 Rxh7 53.
Rxe6+ Kg5 54. d6 Rd7 55. f4+ exf3 56. Kxf3 Rh7 57. Re7 Rh3+ 58. Ke2 Rh2+ 59. Kd3 Kf6 60. Re8 Rh1 61. Ke2 Rh7 62. Ra8 Rd7 63. Ra6 Ke6 64. Kf3 Rxd6 65. Rxd6+ Kxd6 66. Kf4 Ke6 67. e4 fxe4 68.
Kxe4 1/2-1/2

[Event "*** Titled Tuesday Blitz"]
[Site "Chess.com"]
[Date "2020.12.29"]
[Round "4"]
[White "Nara_Kh"]
[Black "vladgoncharov"]
[Result "0-1"]
[WhiteElo "2351"]
[BlackElo "2548"]
[TimeControl "180+1"]
[EndTime "10:40:30 PST"]
[Termination "vladgoncharov won by resignation"]

1. e4 e6 2. d4 d5 3. Nd2 Be7 4.
Ngf3 Nf6 5. e5 Nfd7 6. Bd3 c5 7.
c3 Nc6 8. O-O g5 9. dxc5 g4 10.
Nd4 Ndxe5 11. Bb5 Bd7 12. Re1 Bxc5 13. Bxc6 Nxc6 14. Qxg4 Qf6 15. N2f3 h5 16. Qg5 Qxg5 17.
Bxg5 Rg8 18. h4 Nxd4 19. Nxd4 Bxd4 20. cxd4 Bb5 21. Rac1 Kd7 22. Rc5 a6 23. Rec1 Bc6 24.
Kh2 Rg6 25. b4 f6 26. Bf4 Rg4 27. g3 e5 28. dxe5 fxe5 29. Bxe5 Rxb4 30. f4 Re8 31. R1c2 Ra4 32. Rd2 Ke6 33. Rc1 Kf5 34. Rf1 Ra3 35.
Bd6 Rae3 36. Bc5 R3e4 37. Bd4 Bb5 38. Rff2 Bc4 39. Rb2 b5 40. Rbd2 b4 41. Be5 a5 42.
Bc7 Ra8 43. Rb2 d4 44. Be5 d3 45. Kg2 Rc8 46. Rfd2 Ba6 47. Kf2 a4 48. Rb1 Rc2 49.
Rb2 Rxd2+ 50. Rxd2 Bc4 51. Bd6 b3 52. axb3 axb3 53.
Be5 Re2+ 54. Rxe2 dxe2 55. Bd4 Ke4 56. Ba1 Kd3 57. Ke1 Kc2 58. f5 b2 59. Bxb2 Kxb2 60.
f6 Kc3 61. g4 hxg4 62. h5 g3 63. h6 g2 64. Kf2 g1=Q+ 65. Kxg1 e1=Q+ 66. Kg2 Qe4+ 67. Kg3 Qg6+ 68. Kf4 Qxf6+ 69. Kg4 Qxh6 70. Kf5 Qe6+ 0-1

[Event "*** Titled Tuesday Blitz"]
[Site "Chess.com"]
[Date "2020.12.29"]
[Round "4"]
[White "DavidEgglestonIM"]
[Black "elextranjero00"]
[Result "1/2-1/2"]
[WhiteElo "2733"]
[BlackElo "2621"]
[TimeControl "180+1"]
[EndTime "10:40:33 PST"]
[Termination "Game drawn by repetition"]

1. e4 e5 2. Nf3 Nc6 3. Bb5 a6 4. Ba4 Nf6 5. O-O Be7 6. Re1 b5 7. Bb3 d6 8. c3 O-O 9. h3 Nb8 10.
d4 Nbd7 11. a4 Bb7 12. axb5 axb5 13. Rxa8 Qxa8 14. Nbd2 Nxe4 15. dxe5 Nxe5 16. Nxe4 Bxe4 17. Nxe5 dxe5 18. Qg4 Bg6 19. Rxe5 Bd6 20. Re1 Re8 21.
Be3 Qc6 22. h4 Qe4 23. Qh3 Bf5 24. Qh1 h6 25. g3 Qg4 26. Qd5 Be6 27. Qd1 Qxd1 28.
Bxd1 Bd5 29. Bc2 c6 30. Kh2 h5 31. Ra1 g6 32. Ra7 Be5 33. Bd3 Bf6 34. Bf1 Re7 35.
Ra8+ Kg7 36. Rc8 Re6 37. Bh3 Rd6 38. Bc5 Rd8 39. Rc7 Be5 40. Re7 Bf6 41. Ra7 Rb8 42. Rc7 Rd8 43. Bg2 Be5 44. Ra7 Bxg2 45. Kxg2 Rd5 46.
Be3 c5 47. Rb7 c4 48. Kf3 Bf6 49. Ke2 Re5 50. Kd2 Rd5+ 51. Kc2 Rf5 52. b3 cxb3+ 53.
Kxb3 Rd5 54. Kb4 Rd3 55. Rb6 Bxc3+ 56. Kxb5 Be5 57. Kc4 Rd6 58. Rb1 Bf6 59. Bc5 Rc6 60. Kd5 Rc8 61. Re1 Rd8+ 62. Kc4 Rd2 63. Be3 Rd7 64. Rb1 Re7 65. Rb8 Rc7+ 66. Kd3 Rd7+ 67. Ke2 Rd8 68. Rb7 Re8 69. Kf3 Re7 70. Rb6 Be5 71. Bf4 Bxf4 72. Kxf4 Re2 73. Kf3 Re7 74.
Kg2 Rd7 75. Kh2 Re7 76. Kg2 Rd7 77. Kh2 Re7 78. Kg2 1/2-1/2

[Event "*** Titled Tuesday Blitz"]
[Site "Chess.com"]
[Date "2020.12.29"]
[Round "4"]
[White "Ermito2020"]
[Black "Sviridov_Valery"]
[Result "0-1"]
[WhiteElo "2638"]
[BlackElo "2862"]
[TimeControl "180+1"]
[EndTime "10:40:34 PST"]
[Termination "Sviridov_Valery won on time"]

1. e4 Nf6 2. e5 Nd5 3. d4 d6 4. Nf3 dxe5 5. Nxe5 c6 6. Be2 Nd7 7. Nf3 N7f6 8. O-O Bf5 9. c4 Nb6 10. Nc3 e6 11. Re1 h6 12. d5 Bc5 13. Nh4 Ne4 14.
Nxe4 Bxe4 15. Nf3 cxd5 16. cxd5 Qxd5 17. Bb5+ Ke7 18. Qxd5 Bxd5 19. Ne5 Rhd8 20. Bf4 f6 21. Ng4 Rac8 22. a4 a6 23. Bf1 Nc4 24. Bxc4 Bxc4 25.
Rac1 Bb3 26. a5 Bb4 27. Rxc8 Rxc8 28. Ra1 e5 29. Bg3 Bxa5 30. f4 Bb6+ 31. Bf2 Bxf2+ 32. Nxf2 exf4 33. h3 g5 34. Re1+ Kf7 35. Ne4 Rd8 36.
Nc5 Bd5 37. Rd1 Ke7 38. Re1+ Kd6 39. b4 Kc6 40. Rc1 Kb5 41. Rd1 b6 42. Ne6 Rd7 43.
Nf8 Rd6 44. Rd4 a5 45. bxa5 bxa5 46. Ng6 a4 47. Ne7 a3 48. Nxd5 Kc5 49. Ra4 Rxd5 50. Rxa3 Kd6 51. Ra6+ Ke5 52. Ra8 Kf5 53. Rh8 Kg6 54.
Rg8+ Kf7 55. Rh8 Kg7 56. Ra8 Rd3 57. Ra7+ Kg6 58. Kf2 Rb3 59. Ra6 Rb2+ 60. Kf3 h5 61. Ra5 Rb3+ 62. Kf2 g4 63. hxg4 hxg4 64. Ra4 Kg5 65.
Ra5+ f5 66. Ra8 f3 67. g3 Rb2+ 68. Kf1 Rg2 69. Rg8+ Kf6 70. Rf8+ Kg6 71. Rg8+ Kf7 72. Rg5 Kf6 73. Rg8 Rxg3 74. Kf2 Rg2+ 75. Kf1 Rb2 76.
Ra8 Kg5 77. Rb8 Rxb8 0-1

[Event "*** Titled Tuesday Blitz"]
[Site "Chess.com"]
[Date "2020.12.29"]
[Round "4"]
[White "yuki_chess123"]
[Black "FelixJoseYnojosa"]
[Result "1-0"]
[WhiteElo "2212"]
[BlackElo "2542"]
[TimeControl "180+1"]
[EndTime "10:40:34 PST"]
[Termination "yuki_chess123 won by resignation"]

1. Nf3 c5 2. e4 Nc6 3. Bb5 e6 4. Bxc6 bxc6 5. d3 Ne7 6. c4 d5 7. Nc3 Ng6 8. O-O d4 9. Na4 Bd6 10. b3 e5 11. Ba3 Qe7 12. Ne1 O-O 13. Qd2 a5 14. Nb6 Ra6 15. Nxc8 Rxc8 16. Rb1 a4 17. b4 Rb8 18. b5 cxb5 19. Rxb5 Raa8 20. Rxb8+ Rxb8 21. g3 h5 22. h4 Qe6 23. Kh2 f5 24. exf5 Qxf5 25. Qe2 Rb1 26. Kg2 Be7 27. Qf3 Qg4 28.
Qxg4 hxg4 29. Nc2 Rb8 30. Re1 Bd6 31. Re4 Rb1 32. Rxg4 Nf8 33. h5 Kf7 34. Re4 Nd7 35. Re1 Rxe1 36. Nxe1 Nf6 37. Kf3 Nxh5 38. Ke4 Nf6+ 39.
Kf3 g5 40. g4 Ke6 41. Bc1 Nh7 42. Ke2 Be7 43. Nf3 Bf6 44. Nd2 Be7 45. Ne4 Kd7 46. Kd1 Kc6 47. Kc2 Kb6 48. Kb2 Nf6 49. Nxf6 Bxf6 50.
f3 Ka5 51. Bd2+ Ka6 52. Ka3 Bd8 53. Kxa4 Be7 54. Bc1 Bd8 55. Kb3 Be7 56. Bd2 Bd8 57.
a4 Be7 58. Be1 Bd8 59. Bg3 Bf6 60. Be1 Bd8 61. Bd2 Be7 62. Bc1 Bd8 63. Ba3 Be7 64.
Bb2 Ka5 65. Bc1 Bd8 66. Bd2+ Ka6 67. Bc1 Be7 68. Bd2 Bd8 69. Kc2 Be7 70. Kd1 Bd8 71. Ke2 Be7 72. f4 exf4 73. Kf3 Bd8 74. Ke4 Ba5 75. Bc1 Be1 76. Ba3 Bb4 77. Bc1 Ka5 78. Kf3 Kxa4 79. Bxf4 gxf4 80. g5 Ba5 81. g6 Kb3 82. g7 Kc3 83. Ke4 f3 84. g8=Q f2 85. Qf7 1-0

[Event "*** Titled Tuesday Blitz"]
[Site "Chess.com"]
[Date "2020.12.29"]
[Round "4"]
[White "Heineccius"]
[Black "vrekhson"]
[Result "1/2-1/2"]
[WhiteElo "2584"]
[BlackElo "2242"]
[TimeControl "180+1"]
[EndTime "10:40:35 PST"]
[Termination "Game drawn - insufficient material"]

1. d4 Nf6 2. c4 c5 3. d5 b5 4. cxb5 a6 5. bxa6 g6 6. Nc3 Bxa6 7. g3 d6 8. Bg2 Bg7 9. Nf3 O-O 10. O-O Nbd7 11. Rb1 Ng4 12. Bd2 Nge5 13. Nxe5 Nxe5 14. b3 Ra7 15. Qc2 Qa8 16. a4 Rb8 17.
Rfd1 h5 18. h3 Qb7 19. Be1 Qd7 20. Ne4 Qc8 21. Bc3 h4 22. gxh4 Bb7 23. f4 Nd7 24. h5 Nb6 25. Bxg7 Kxg7 26. hxg6 Nxd5 27. Nxd6 exd6 28. Bxd5 Qxh3 29. Qe4 Bxd5 30. Rxd5 Qg3+ 31. Qg2 Qe3+ 32. Qf2 Rxb3 33. Qxe3 Rxe3 34. gxf7 Rxa4 35. Rxd6 Rxf4 36. Rf1 Rxf1+ 37. Kxf1 Kxf7 38. Rc6 Rc3 39. Kf2 Ke7 40. e3 Kd7 41. Ra6 Rc4 42. Ke2 Rb4 43. Kd3 Rb3+ 44. Ke4 c4 45. Ra4 c3 46.
Rc4 Ra3 47. Kd4 c2 48. Rxc2 Ra4+ 49. Rc4 Ra3 50. Ke4 Ke7 51. Rb4 Ra7 52. Rb6 Ra5 53. Kf4 Ra4+ 54. Kf5 Ra5+ 55. Ke4 Ra4+ 56. Kd5 Ra5+ 57.
Kd4 Ra4+ 58. Kc5 Re4 59. Rb3 Re5+ 60. Kd4 Ra5 61. e4 Ra4+ 62. Ke5 Ra5+ 63. Kf4 Ra6 64. Rb8 Rh6 65. Rg8 Ra6 66. Kf5 Ra5+ 67. e5 Ra6 68. Rg7+ Ke8 69. Rb7 Rc6 70. Rb8+ Ke7 71. Rg8 Ra6 72.
Rg4 Rb6 73. Rg7+ Ke8 74. e6 Rb1 75. Rg4 Rf1+ 76. Ke5 Re1+ 77. Kf6 Rf1+ 78. Kg6 Ke7 79. Re4 Rf6+ 80. Kg5 Rxe6 81. Rxe6+ Kxe6 1/2-1/2